General information
- name: BNet
- type: Ladder team game (AT/RT)
- host: Battle.net
- saver: SkullFucI(er
map: Battleground
- players: 8
- length: 52:30
- speed: Fast
- version: 1.26 W3XP
- replay type: Public
» download(221 KB)
Players
team 1 (winner)

»
randomwill (
green | 17 APM | 880 actions | 52:30)
3 Keeper of the Grove
2 Force of Nature
1 Entangling Roots
1 Priestess of the Moon
1 Searing Arrows
» actions
| Basic commands | 1 | |
| Build / train | 87 | |
| Enter build submenu | 27 | |
| Enter hero's abilities submenu | 4 | |
| Right click | 378 | |
| Select / deselect | 308 | |
| Use ability | 75 | |
880 total
» units
| Wisp | 22 | |
| Archer | 2 | |
| Huntress | 2 | |
| Dryad | 38 | |
64 total
» upgrades
| Abolish Magic | 1 | |
| Well Spring | 1 | |
| Ultravision | 1 | |
| Reinforced Hides | 3 | |
| Strength of the Wild | 3 | |
9 total
» buildings
| Ancient of War | 1 | |
| Altar of Elders | 1 | |
| Moon Well | 9 | |
| Hunter's Hall | 2 | |
| Tree of Ages | 1 | |
| Ancient Protector | 2 | |
| Tree of Eternity | 1 | |
| Ancient of Lore | 3 | |
| Tree of Life | 7 | |
| Ancient of Wonders | 1 | |
28 total
» build order
00:14 Ancient of War
00:16 Altar of Elders
00:29 Moon Well
01:53 Moon Well
02:49 Hunter's Hall
03:09 Moon Well
03:28 Tree of Ages
03:52 Ancient Protector
05:50 Tree of Eternity
06:27 Ancient of Lore
06:31 Ancient of Lore
06:35 Ancient of Lore
08:26 Moon Well
09:31 Moon Well
10:20 Moon Well
14:31 Moon Well
14:35 Moon Well
18:06 Tree of Life
18:25 Ancient of Wonders
20:25 Hunter's Hall
22:27 Tree of Life
23:30 Moon Well
24:02 Ancient Protector
26:25 Tree of Life
30:03 Tree of Life
31:02 Tree of Life
33:20 Tree of Life
33:36 Tree of Life

»
teelo (
yellow | 26 APM | 1374 actions | 52:30)
4 Blood Mage
2 Flame Strike
2 Siphon Mana
2 Warden
1 Shadow Strike
1 Blink
» actions
| Assign group hotkey | 73 | |
| Basic commands | 40 | |
| Build / train | 63 | |
| ESC pressed | 1 | |
| Enter build submenu | 29 | |
| Enter hero's abilities submenu | 6 | |
| Give item / drop item | 4 | |
| Remove unit from queue | 1 | |
| Right click | 618 | |
| Select / deselect | 200 | |
| Select group hotkey | 236 | |
| Use ability | 103 | |
1374 total
» units
| Peasant | 10 | |
| Footman | 6 | |
| Sorceress | 4 | |
| Wisp | 1 | |
21 total
» upgrades
| Masonry | 3 | |
| Defend | 1 | |
| Plating | 2 | |
| Gunpowder | 1 | |
| Swords | 1 | |
| Lumber Harvesting | 1 | |
| Sorceress Training | 1 | |
| Magic Sentry | 2 | |
12 total
» buildings
| Altar of Kings | 1 | |
| Farm | 8 | |
| Barracks | 1 | |
| Lumber Mill | 1 | |
| Scout Tower | 18 | |
| Arcane Vault | 1 | |
| Arcane Tower | 2 | |
| Keep | 1 | |
| Blacksmith | 1 | |
| Guard Tower | 7 | |
| Arcane Sanctum | 1 | |
| Castle | 1 | |
| Tree of Life | 1 | |
44 total
» build order
00:34 Altar of Kings
00:40 Farm
00:53 Barracks
01:08 Lumber Mill
01:18 Farm
01:53 Farm
02:16 Scout Tower
03:00 Arcane Vault
03:02 Arcane Tower
04:02 Keep
04:08 Farm
05:01 Blacksmith
05:03 Scout Tower
05:07 Scout Tower
05:10 Scout Tower
06:01 Guard Tower
06:04 Guard Tower
06:42 Arcane Sanctum
06:46 Castle
07:23 Farm
07:24 Farm
07:25 Farm
07:26 Farm
07:44 Scout Tower
09:09 Guard Tower
09:18 Scout Tower
10:14 Scout Tower
10:15 Scout Tower
10:16 Scout Tower
10:16 Scout Tower
10:49 Guard Tower
11:09 Guard Tower
11:11 Arcane Tower
11:13 Scout Tower
11:15 Scout Tower
11:16 Scout Tower
11:27 Scout Tower
11:28 Scout Tower
11:28 Scout Tower
11:29 Scout Tower
11:30 Scout Tower
11:49 Guard Tower
13:50 Guard Tower
25:20 Tree of Life
» items
| Scroll of Regeneration | 2 | |
| Lesser Clarity Potion | 2 | |
| Staff of Teleportation | 1 | |
| Potion of Invisibility | 4 | |
| Potion of Mana | 1 | |
10 total

»
san-cho (
orange | 57 APM | 907 actions | 15:52)
3 Warden
1 Shadow Strike
1 Blink
1 Fan of Knives
2 Priestess of the Moon
1 Searing Arrows
1 Trueshot Aura
» actions
| Assign group hotkey | 29 | |
| Basic commands | 48 | |
| Build / train | 45 | |
| Enter build submenu | 14 | |
| Enter hero's abilities submenu | 5 | |
| Give item / drop item | 1 | |
| Right click | 382 | |
| Select / deselect | 157 | |
| Select group hotkey | 176 | |
| Use ability | 50 | |
907 total
» units
| Wisp | 13 | |
| Archer | 1 | |
| Huntress | 3 | |
| Forest Troll Shadow Priest | 1 | |
| Dryad | 5 | |
23 total
» upgrades
| Strength of the Wild | 2 | |
| Reinforced Hides | 2 | |
| Abolish Magic | 1 | |
5 total
» buildings
| Altar of Elders | 1 | |
| Moon Well | 5 | |
| Ancient of War | 1 | |
| Ancient of Wonders | 1 | |
| Hunter's Hall | 1 | |
| Ancient Protector | 2 | |
| Tree of Ages | 1 | |
| Ancient of Lore | 3 | |
| Tree of Eternity | 1 | |
16 total
» build order
00:09 Altar of Elders
00:13 Moon Well
00:35 Ancient of War
01:19 Moon Well
01:34 Ancient of Wonders
02:28 Hunter's Hall
03:45 Ancient Protector
03:50 Ancient Protector
04:00 Tree of Ages
04:30 Moon Well
06:34 Ancient of Lore
06:40 Ancient of Lore
07:01 Ancient of Lore
08:23 Moon Well
08:58 Tree of Eternity
11:21 Moon Well
» items
| Dust of Appearance | 2 | |
| Scroll of Town Portal | 3 | |
| Staff of Preservation | 1 | |
| Potion of Healing | 1 | |
| Potion of Lesser Invulnerability | 1 | |
8 total
jaymon (
purple | 60 APM | 1239 actions | 20:39)
5 Blademaster
3 Wind Walk
2 Critical Strike
2 Shadow Hunter
1 Hex
1 Healing Wave
1 Warden
1 Shadow Strike
» actions
| Assign group hotkey | 24 | |
| Basic commands | 129 | |
| Build / train | 71 | |
| Enter build submenu | 22 | |
| Enter hero's abilities submenu | 8 | |
| Give item / drop item | 1 | |
| Right click | 339 | |
| Select / deselect | 258 | |
| Select group hotkey | 308 | |
| Use ability | 79 | |
1239 total
» units
| Peon | 11 | |
| Grunt | 5 | |
| Troll Headhunter/Berserker | 8 | |
| Shaman | 6 | |
| Tauren | 1 | |
| Demolisher | 2 | |
33 total
» upgrades
| Berserker Strength | 1 | |
| Melee Weapons | 1 | |
| Troll Regeneration | 1 | |
| Shaman Training | 2 | |
| Reinforced Defenses | 1 | |
| Pulverize | 1 | |
| Burning Oil | 1 | |
8 total
» buildings
| Altar of Storms | 1 | |
| Orc Burrow | 7 | |
| Barracks | 1 | |
| Voodoo Lounge | 1 | |
| War Mill | 3 | |
| Stronghold | 4 | |
| Watch Tower | 4 | |
| Fortress | 1 | |
| Spirit Lodge | 1 | |
| Tauren Totem | 1 | |
24 total
» build order
00:14 Altar of Storms
00:21 Orc Burrow
00:36 Barracks
01:35 Voodoo Lounge
01:56 Orc Burrow
02:55 War Mill
04:35 War Mill
04:45 Orc Burrow
05:37 Stronghold
05:38 Stronghold
05:38 Stronghold
06:11 Watch Tower
07:04 Orc Burrow
07:25 Watch Tower
08:55 Watch Tower
09:06 Watch Tower
09:34 Fortress
09:59 Spirit Lodge
12:35 Orc Burrow
12:49 Tauren Totem
13:38 War Mill
15:34 Orc Burrow
18:44 Orc Burrow
» items
| Healing Salve | 3 | |
| Lesser Clarity Potion | 1 | |
| Boots of Speed | 1 | |
| Orb of Lightning | 1 | |
| Potion of Healing | 1 | |
7 total
team 2 (loser)

»
Sparty (
pink | 14 APM | 742 actions | 52:30)
6 Death Knight
3 Death Coil
2 Unholy Aura
1 Animate Dead
6 Mountain King
2 Bash
2 Thunder Clap
1 Storm Bolt
1 Avatar
» actions
| Assign group hotkey | 12 | |
| Basic commands | 2 | |
| Build / train | 89 | |
| Enter build submenu | 40 | |
| Enter hero's abilities submenu | 12 | |
| Remove unit from queue | 2 | |
| Right click | 227 | |
| Select / deselect | 270 | |
| Select group hotkey | 24 | |
| Use ability | 64 | |
742 total
» units
| Acolyte | 3 | |
| Peasant | 7 | |
| Ghoul | 7 | |
| Footman | 5 | |
| Crypt Fiend | 2 | |
| Rifleman | 1 | |
| Gryphon Rider | 3 | |
| Siege Engine | 11 | |
| Frost Wyrm | 14 | |
| Mortar Team | 5 | |
58 total
» upgrades
| Creature Attack | 3 | |
| Gunpowder | 1 | |
| Barrage | 1 | |
| Creature Carapace | 1 | |
| Web | 1 | |
7 total
» buildings
| Altar of Darkness | 1 | |
| Ziggurat | 12 | |
| Altar of Kings | 1 | |
| Crypt | 1 | |
| Tomb of Relics | 1 | |
| Nerubian Tower | 1 | |
| Graveyard | 1 | |
| Farm | 10 | |
| Keep | 1 | |
| Halls of the Dead | 1 | |
| Lumber Mill | 1 | |
| Blacksmith | 1 | |
| Castle | 1 | |
| Gryphon Aviary | 1 | |
| Black Citadel | 1 | |
| Sacrificial Pit | 1 | |
| Workshop | 2 | |
| Boneyard | 2 | |
| Town Hall | 2 | |
| Scout Tower | 2 | |
| Guard Tower | 2 | |
46 total
» build order
00:11 Altar of Darkness
00:15 Ziggurat
00:29 Altar of Kings
00:45 Crypt
01:03 Tomb of Relics
01:15 Nerubian Tower
01:48 Ziggurat
02:22 Graveyard
03:43 Farm
03:49 Keep
03:53 Halls of the Dead
04:24 Farm
04:32 Lumber Mill
05:03 Farm
05:16 Blacksmith
05:56 Ziggurat
06:02 Ziggurat
06:10 Castle
06:20 Gryphon Aviary
06:24 Black Citadel
06:31 Sacrificial Pit
06:54 Farm
07:02 Workshop
08:48 Boneyard
08:55 Boneyard
09:20 Farm
09:30 Ziggurat
09:37 Ziggurat
10:02 Workshop
11:36 Farm
12:20 Farm
12:39 Farm
12:54 Ziggurat
17:35 Farm
21:51 Town Hall
22:08 Scout Tower
23:15 Guard Tower
23:19 Scout Tower
24:54 Guard Tower
26:57 Farm
27:53 Town Hall
30:14 Ziggurat
30:17 Ziggurat
30:21 Ziggurat
30:24 Ziggurat
30:31 Ziggurat
» items

»
tello (
red | 80 APM | 2799 actions | 34:56)
7 Blademaster
2 Wind Walk
3 Critical Strike
1 Bladestorm
1 Mirror Image
1 Mountain King
1 Storm Bolt
» actions
| Assign group hotkey | 53 | |
| Basic commands | 3 | |
| Build / train | 123 | |
| Enter build submenu | 29 | |
| Enter hero's abilities submenu | 12 | |
| Give item / drop item | 7 | |
| Remove unit from queue | 10 | |
| Right click | 1221 | |
| Select / deselect | 794 | |
| Select group hotkey | 411 | |
| Use ability | 135 | |
2799 total
» units
| Peon | 18 | |
| Peasant | 2 | |
| Grunt | 3 | |
| Troll Batrider | 3 | |
| Raider | 13 | |
| Kodo Beast | 1 | |
| Tauren | 1 | |
| Demolisher | 1 | |
| Flying Machine | 11 | |
53 total
» upgrades
| Pillage | 1 | |
| Melee Weapons | 2 | |
| Armor | 4 | |
| Ensnare | 1 | |
| Gunpowder | 2 | |
| Spiked Barricades | 2 | |
| Lumber Harvesting | 2 | |
| Pulverize | 1 | |
| War Drums Damage Increase | 1 | |
| Burning Oil | 1 | |
| Flak Cannons | 1 | |
18 total
» buildings
| Altar of Storms | 1 | |
| Orc Burrow | 8 | |
| Farm | 3 | |
| Barracks | 2 | |
| Stronghold | 1 | |
| Voodoo Lounge | 1 | |
| War Mill | 1 | |
| Beastiary | 2 | |
| Watch Tower | 5 | |
| Fortress | 1 | |
| Tauren Totem | 2 | |
| Great Hall | 1 | |
28 total
» build order
00:12 Altar of Storms
00:14 Orc Burrow
00:26 Farm
00:32 Farm
01:09 Barracks
01:14 Farm
01:24 Barracks
01:40 Orc Burrow
03:52 Stronghold
04:14 Voodoo Lounge
04:50 War Mill
05:21 Orc Burrow
06:21 Beastiary
06:28 Beastiary
13:46 Watch Tower
15:14 Fortress
15:37 Orc Burrow
17:41 Tauren Totem
17:47 Tauren Totem
25:30 Orc Burrow
25:33 Orc Burrow
27:47 Great Hall
27:52 Orc Burrow
27:54 Orc Burrow
31:34 Watch Tower
31:39 Watch Tower
31:42 Watch Tower
33:51 Watch Tower
» items
| Dust of Appearance | 1 | |
| Rod of Necromancy | 3 | |
| Boots of Speed | 1 | |
| Lesser Clarity Potion | 11 | |
| Scroll of Speed | 5 | |
| Healing Salve | 3 | |
| Orb of Lightning | 1 | |
| Potion of Healing | 1 | |
| Scroll of Protection | 1 | |
| Potion of Lesser Invulnerability | 2 | |
29 total
SkullFucI(er (
teal | 72 APM | 3795 actions | 52:30)
9 Blademaster
3 Wind Walk
3 Critical Strike
1 Bladestorm
2 Mirror Image
» actions
| Assign group hotkey | 101 | |
| Basic commands | 346 | |
| Build / train | 87 | |
| Enter build submenu | 54 | |
| Enter hero's abilities submenu | 9 | |
| Give item / drop item | 11 | |
| Right click | 1205 | |
| Select / deselect | 557 | |
| Select group hotkey | 1004 | |
| Use ability | 421 | |
3795 total
» units
| Peon | 15 | |
| Grunt | 5 | |
| Troll Batrider | 3 | |
| Wind Rider | 17 | |
| Troll Witch Doctor | 1 | |
41 total
» upgrades
| Armor | 3 | |
| Ranged Weapons | 3 | |
| Envenomed Spears | 1 | |
| Reinforced Defenses | 1 | |
| Troll Regeneration | 1 | |
| Liquid Fire | 1 | |
| Spiked Barricades | 3 | |
13 total
» buildings
| Orc Burrow | 5 | |
| Altar of Storms | 1 | |
| Barracks | 1 | |
| Voodoo Lounge | 2 | |
| Stronghold | 1 | |
| War Mill | 2 | |
| Watch Tower | 51 | |
| Beastiary | 3 | |
| Great Hall | 4 | |
| Fortress | 1 | |
| Spirit Lodge | 1 | |
72 total
» build order
00:29 Orc Burrow
00:47 Altar of Storms
00:57 Barracks
01:18 Orc Burrow
01:51 Voodoo Lounge
02:48 Stronghold
04:11 War Mill
05:04 Orc Burrow
05:23 Watch Tower
05:25 Beastiary
05:29 Beastiary
05:35 Watch Tower
07:30 Watch Tower
07:30 Watch Tower
07:31 Watch Tower
08:14 Great Hall
09:13 Orc Burrow
09:56 Watch Tower
10:11 Voodoo Lounge
14:09 Great Hall
14:12 Great Hall
14:16 Watch Tower
14:17 Watch Tower
14:18 Watch Tower
14:18 Watch Tower
14:22 Watch Tower
16:27 War Mill
16:32 Watch Tower
16:33 Watch Tower
16:33 Watch Tower
16:34 Watch Tower
19:12 Fortress
19:15 Watch Tower
19:19 Watch Tower
19:19 Watch Tower
19:22 Watch Tower
23:11 Spirit Lodge
24:29 Orc Burrow
25:24 Beastiary
28:12 Watch Tower
28:13 Watch Tower
28:14 Watch Tower
28:15 Watch Tower
28:15 Watch Tower
28:17 Watch Tower
28:17 Watch Tower
28:18 Watch Tower
37:49 Great Hall
37:52 Watch Tower
37:52 Watch Tower
37:52 Watch Tower
37:53 Watch Tower
37:54 Watch Tower
37:54 Watch Tower
37:55 Watch Tower
37:56 Watch Tower
45:30 Watch Tower
45:32 Watch Tower
45:33 Watch Tower
45:34 Watch Tower
45:34 Watch Tower
45:35 Watch Tower
45:36 Watch Tower
45:36 Watch Tower
45:37 Watch Tower
45:38 Watch Tower
45:39 Watch Tower
45:40 Watch Tower
45:46 Watch Tower
45:47 Watch Tower
46:19 Watch Tower
46:23 Watch Tower
» items
| Healing Salve | 7 | |
| Boots of Speed | 1 | |
| Staff of Teleportation | 2 | |
| Lesser Clarity Potion | 2 | |
| Potion of Mana | 3 | |
| Scroll of Town Portal | 3 | |
| Orb of Corruption | 1 | |
| Tiny Great Hall | 1 | |
| Periapt of Vitality | 1 | |
21 total

»
manolive (
blue | 0 APM | 0 actions | 00:00)
Chat log
(00:08 / All) teelo: Sup red
(00:25 / Allies) SkullFucI(er: I claim
(00:37 / Allies) Sparty: k
(00:42 / Allies) tello: u
(00:47 / All) teelo: Whats with the name, red? Stalking me?
(01:11 / Allies) SkullFucI(er: I meant I was gonna expo there but that's okay you can build with him
(02:54 / Allies) tello: dust
(10:06 / Allies) SkullFucI(er: hit next base
(11:54 / Allies) SkullFucI(er: kill yellow
(11:57 / All) teelo: holy shit my teams a bunch of whiners
(12:09 / All) teelo: I saw you guys were making bats so I towered their bases, my team kills my towers
(12:16 / All) teelo: now they're teamkilling me lol
(13:16 / All) teelo: sorry orange, I don't speak retard
(15:50 / All) san-cho: GG SHIT TEAM
(16:30 / All) teelo: note to self: backstab san-cho next time I see him
(20:59 / Allies) SkullFucI(er: lumbeR?
(23:18 / Allies) SkullFucI(er: I really need lumber bros
(27:01 / Allies) SkullFucI(er: if I can get some lumber I can mass siege
(27:44 / Allies) SkullFucI(er: let's go
(27:54 / Allies) SkullFucI(er: need frost breath
(28:01 / Allies) Sparty: sec
(31:29 / Allies) Sparty: wtf teal?
(36:14 / All) SkullFucI(er: What's your guys's favorite Batman movie?
(39:59 / All) SkullFucI(er: I never knew it showed vision
(40:02 / All) SkullFucI(er: when it revealed
(40:32 / Allies) Sparty: teal...honestly
(40:36 / Allies) SkullFucI(er: What
(40:50 / Allies) Sparty: youre going to waste all this time and make us lose?
(41:01 / Allies) SkullFucI(er: Is there something wrong with that?
(41:14 / Allies) Sparty: theres somethting wrong with you
(41:26 / Allies) SkullFucI(er: Oh? What's wrong with me, then?
(41:37 / Allies) Sparty: youre a douchebag
(41:44 / Allies) SkullFucI(er: No, I'm not
(41:46 / Allies) Sparty: just tk from the start
(41:46 / Allies) SkullFucI(er: I'm a human being
(41:50 / Allies) SkullFucI(er: with real emotions
(41:50 / Allies) Sparty: fucking noob
(41:55 / Allies) SkullFucI(er: Where's the fun in that:
(43:22 / All) SkullFucI(er: I thought Bane was a pretty cool villain
(43:30 / All) SkullFucI(er: I saw Batman twice
(44:03 / Allies) Sparty: same amount of times youve seen a woman naked?...both times your family members?
(44:18 / Allies) SkullFucI(er: You've been spying on me?
(45:11 / Allies) Sparty: you reminded me why i stopped playing this game....maybe I should thank you
(45:27 / Allies) SkullFucI(er: Out of interest, why is it you stopped?
(45:51 / Allies) Sparty: dicks like you...playing for the sole purpose of screwing other people
(46:03 / Allies) SkullFucI(er: Is that so bad?
(46:55 / Allies) Sparty: if you enjoy ruining other peoples evenings...attitudes and otherwise being a waste of time and oxygen...then i guess not
(47:10 / Allies) SkullFucI(er: I'm not sure what you mean
(47:36 / Allies) Sparty: dont expect you to, you obviously have some sort of brain deficiency
(47:55 / Allies) SkullFucI(er: I mean, it didn't seem like a coherent sentence
(48:32 / Allies) Sparty: reread the convo...maybe youll get it
(49:40 / Allies) SkullFucI(er: Want me to kill that tree?
(50:19 / Allies) SkullFucI(er: Want me to kill this tree?
(50:59 / Allies) SkullFucI(er: I'll not kill this tree
(51:19 / Allies) SkullFucI(er: It's a living, breathing organism with character, and seems to be some kind of tribal scribe
(52:18 / All) SkullFucI(er: Well, it's been fun
(52:25 / All) SkullFucI(er: But it's time for me to bid ya'll adieu
(52:27 / All) SkullFucI(er: So farewell!